[Event "GRENKE Chess Classic-TB 2024"]
[Site "Karlsruhe"]
[Date "2024.04.01"]
[Round "2.2"]
[White "Rapport, Richard"]
[Black "Carlsen, Magnus"]
[Result "1/2-1/2"]
[ECO "C50"]
[WhiteElo "2720"]
[BlackElo "2830"]
[Annotator "TA"]
[PlyCount "157"]
[EventDate "2024.03.26"]
[EventType "match"]
[EventCountry "GER"]
[SourceTitle "playchess.com"]
[Source "ChessBase"]
[SourceQuality "1"]
[TimeControl "2700+10"]

1. e4 e5 2. Nf3 Nc6 3. Bc4 Nf6 4. d3 Bc5 5. Nc3 h6 6. O-O d6 7. Na4 Bb6 8. a3 Bg4 9. c3 {[%emt 0:00:40] Dodges Nd4} Qc8 10. Nxb6 axb6 11. Bb3 Ne7 12. h3 Be6 13. Ba4+ Bd7 14. Bc2 Ng6 15. Nh2 O-O (15... Nh4 {with more complications.} 16. f4 Nxg2 17. Kxg2 Bxh3+ 18. Kf2 Bxf1 19. Qxf1 exf4 20. Bxf4 Qe6) 16. f4 exf4 17. Bxf4 Nxf4 18. Rxf4 Qd8 19. d4 Ra5 20. Qd3 d5 $2 (20... Re8 $1 $11 {and Black has nothing to worry.}) 21. exd5 $1 $18 {[%emt 0:01:22][%cal Of4f6] Hoping for Rxf6!} (21. e5 $6 Ne4) 21... g6 22. c4 b5 23. Raf1 $1 Ra6 24. Qf3 {[%emt 0:03:19] d6 is the strong threat.} (24. cxb5 Rd6 $16) 24... Kg7 {[%emt 0:00:32] [#]} 25. d6 $1 Rxd6 26. c5 Bc6 27. Qf2 Re6 28. Bb3 (28. Ng4 $18 Qe7 29. Nxf6 (29. Rxf6 Re2 $16)) 28... g5 $16 29. Rf5 Be4 30. Bxe6 fxe6 31. Re5 Bd3 32. Rd1 ({White should play} 32. Rxe6 $16 {aiming for Rfe1.} Bc4 33. Ree1) 32... Ng4 $1 $14 33. Nxg4 Rxf2 34. Nxf2 Bc4 (34... Qxd4 $2 35. Ree1 $18 (35. Rxd3 $2 Qxe5 36. Rd7+ Kf8 $19) (35. Rxe6 Qc4 $18)) 35. Ng4 $36 {[%emt 0:00:44][%cal Od4d5][%mdl 2048] White fights for an advantage. White is more active.} Bb3 36. Rd2 h5 (36... Bd5 $16 {was necessary.}) 37. Nf2 $1 $18 Bd5 38. Ne4 (38. h4 $1 $18 {and the rest is easy.}) 38... Bxe4 $16 39. Rxe4 {[%emt 0:00:01][%mdl 4096] Endgame. KQ-KRR} g4 $2 40. hxg4 $18 (40. Rxe6 gxh3 41. gxh3 Qh4 $14) 40... Qg5 41. Rde2 {[%emt 0:00:10] gxh5 would now be deadly.} hxg4 42. g3 (42. Rxe6 g3 $14) 42... Qf5 43. Rf4 $1 (43. Rxe6 Qd3 $16) 43... Qd3 44. Kf2 (44. Rxe6 Qxg3+ 45. Kf1 Qxf4+ 46. Kg1 Qxd4+ 47. Kf1 g3 (47... Qxb2 $2 48. c6 $19) (47... Qxc5 $2 48. Re2 $19) 48. Kg2 Qf2+ (48... Qxc5 $2 49. Re2 $19) 49. Kh3 g2 (49... Qxc5 50. Kxg3 Qg5+ 51. Kh2 Qh4+ 52. Kg2 Qg4+ 53. Kf2 Qxe6 54. Kf3 Kg6 55. Kf4 Kf6 56. Kf3 Kf5 57. a4 bxa4 58. Kg2 Qe4+ 59. Kg3 Qe2 60. Kh3 Qf2 61. b4 Kf4 62. b5 Qg3#) (49... Qf5+ 50. Kxg3 Qxe6 51. Kf3 Qf6+ 52. Ke4 Qxb2 53. Ke3 Qc3+ 54. Kf4 Qxa3 55. Ke4 Kf6 56. Kf4 Qc3 57. c6 bxc6 58. Kg4 Qe3 59. Kh4 Kf5 60. Kh5 Qh3#) (49... Qxc5 $2 50. Re1 $19) (49... Qf5+ 50. Kxg3 Qxe6 51. Kf3 Qf6+ 52. Ke4 Qxb2 53. Kf3 Qxa3+ 54. Ke2 b4 55. Ke1 b3 56. Kd2 b2 57. Kc2 Qb4 58. Kd1 b1=Q+ 59. Ke2 Q4e4+ 60. Kf2 Qbe1#)) (44. Rxg4+ $6 Kf7 45. Kf2 Qc4 46. Rf4+ Ke7 $16) 44... Qb3 45. Rxg4+ Kf7 46. Rf4+ Kg7 47. Rfe4 Qd3 48. Kg2 (48. Rxe6 Qxd4+ 49. Kf3 Qxc5 $16) 48... c6 $2 (48... b4 49. axb4 (49. Rxe6 bxa3 50. bxa3 Qxd4 $16) 49... Qd1) 49. Rg4+ Kf7 50. Rf2+ Ke7 51. Rg7+ Ke8 52. Rgf7 {[%emt 0:00:16] Rf8+ would kill now.} (52. Rxb7 Qxd4 53. Rb8+ Ke7 $11) 52... e5 53. dxe5 Qd5+ 54. Kh2 Qxc5 55. R7f5 Qe3 56. Kh3 (56. g4 $1 $18) 56... Ke7 (56... c5 $16) 57. Rf7+ Ke8 58. Rf8+ $1 Ke7 59. R2f7+ Ke6 60. Rf6+ (60. Rxb7 $2 {too greedy.} Qh6+ (60... Kxe5 61. Re8+ Kd5 62. Rd7+ Kc4 63. Rxe3 b4 64. axb4 Kb5 65. Rc3) 61. Kg2 Qxf8 $19) 60... Kd5 $2 (60... Ke7 $16) 61. Rd8+ $2 (61. e6 $18) 61... Kc4 62. e6 (62. b4 $16) 62... Qe5 63. Rf4+ Kb3 ({Better is} 63... Kc5 $14) 64. Rd3+ Kc2 65. Rdf3 (65. Rff3 $16 {Threatens to win with Rde3.} Qxe6+ 66. g4) 65... Qxe6+ $14 66. g4 Kxb2 $2 {[%emt 0:00:01] [#]} (66... c5 $1 $14) 67. Kg2 $2 (67. Rf5 $1 $18) 67... c5 $11 68. Rg3 {[%emt 0:00:09] Strongly threatening Rf2+.} (68. Rh3 $5 Qd5+ $8 69. Kg1 Qd1+ 70. Kg2 Qd5+ (70... c4 $2 71. Rf2+ Kc1 72. Rf1 $18) 71. Kg1 Qd1+ 72. Kg2 Qd5+ $11 (72... c4 $2 73. Rf2+ Kc1 74. Rf1 $18)) 68... Qd5+ $2 (68... b4 $11 69. axb4 c4) 69. Kh2 Qe5 70. Rf2+ Kb1 71. Rf1+ Kc2 72. Rf2+ $2 ({White has to play} 72. g5 $18 {White threatens g6 and mate.} c4 73. g6 Qh8+ 74. Kg1) 72... Kd1 $2 (72... Kb1 $11) 73. Kh3 $2 (73. g5 {mates} Ke1 74. Kg2 Qd4 75. Rf1+ Kd2 76. g6 c4 77. g7 Qd5+ 78. Rff3) 73... Ke1 74. Rf5 Qe4 $2 {[%emt 0:00:14][%mdl 8192] [#]} (74... Qd4 $11) 75. Rg1+ $2 (75. Rff3 $1 $18 {[%cal Rf3e3] And now Re3+ would win.} Qg6 76. g5) 75... Ke2 {[%emt 0:00:02] The position is equal.} 76. Rg2+ Ke1 77. Rg1+ Ke2 78. Rg2+ Ke1 79. Rg1+ {[%emt 0:00:10] Weighted Error Value: White=0.18 (very precise) /Black=0.26 (precise) .  Loses game:     	---       	Black=6      Missed win:     	White=3     	---        Mistake:       	White=6     	Black=4      Inaccurate:     	White=3     	Black=4      OK:         	White=31    	Black=27     Best:        	White=2     	Black=8      Strong:       	White=3     	Black=1      Brilliant:      	White=1     	---} 1/2-1/2

[Event "GRENKE Chess Classic-TB 2024"]
[Site "Karlsruhe"]
[Date "2024.04.01"]
[Round "2.3"]
[White "Vachier-Lagrave, Maxime"]
[Black "Keymer, Vincent"]
[Result "1/2-1/2"]
[ECO "C50"]
[WhiteElo "2728"]
[BlackElo "2738"]
[Annotator "TA"]
[PlyCount "88"]
[EventDate "2024.03.26"]
[EventType "match"]
[EventCountry "GER"]
[SourceTitle "playchess.com"]
[Source "ChessBase"]
[SourceQuality "1"]
[TimeControl "2700+10"]

1. e4 e5 2. Nf3 Nc6 3. Bc4 Nf6 4. d3 Bc5 5. Nc3 d6 6. Be3 Bb6 7. Nd5 {[%emt 0:00:28] C50: Hungarian Defence and Giuoco Pianissimo.} h6 8. Nxb6 axb6 9. a3 O-O 10. O-O Be6 11. Bxe6 fxe6 12. c4 $146 ({Predecessor:} 12. h3 Qe8 13. Nh2 Qg6 14. f4 Nh5 15. Qd2 exf4 16. Bxf4 Nxf4 17. Rxf4 Rxf4 18. Qxf4 Rf8 19. Qe3 Qf6 20. c3 Qf4 21. Re1 Ne5 22. Qxf4 Rxf4 {½-½ Bandic,A (2218)-Pisarevic,G (2165) BIH-chT 16th 2017 (3.5)}) 12... d5 13. cxd5 exd5 14. Re1 ({White should play} 14. Qc2) 14... Qd6 15. exd5 Nxd5 16. Rc1 Rad8 17. h3 Qg6 18. Nh4 (18. Qe2 {simplifies} Nxe3 19. Qxe3 Qxd3 20. Nxe5 Qxe3 21. Rxe3 Nxe5 22. Rxe5 Rd2 23. f3) 18... Qf7 19. Qg4 Rd6 20. Kh2 (20. Nf3 $11) 20... Nf4 $1 $17 21. Bxf4 Qxf4+ 22. Qxf4 Rxf4 23. Nf3 Rxd3 24. Re3 Rd5 25. g3 Rf7 26. Kg2 Re7 27. Rce1 Kf7 28. h4 Kf6 29. Nh2 Rd2 30. b4 b5 31. Kh3 h5 (31... Rxf2 $2 {is the wrong capture.} 32. Ng4+ Ke6 33. Nxf2 $18) 32. g4 Rxf2 33. gxh5 {[%emt 0:00:09] [#]} Rf4 (33... Rf5 $1 $17 34. Ng4+ Ke6) 34. Ng4+ (34. Rg3 $15) 34... Kf5 $17 35. Rg3 {[%emt 0:00:09] [#]} Ke6 $1 36. h6 gxh6 37. Nxh6 Nd4 38. Ng4 $2 (38. Rg6+ $17 {was called for.} Kd5 39. Ng4) 38... Kd6 $2 (38... Nf3 $19 {is more deadly.} 39. Re3 Ref7) 39. Rd3 (39. h5 $17) 39... Kd5 $2 (39... b6 $19 {Hoping for ...c5.} 40. h5 c5) 40. h5 $15 e4 ({Black should try} 40... b6 $15 41. h6 c6) 41. Ne3+ $11 Ke5 42. Ng4+ Kd5 43. Ne3+ Ke5 44. Ng4+ Kd5 1/2-1/2

[Event "GRENKE Chess Classic-TB 2024"]
[Site "Karlsruhe"]
[Date "2024.04.01"]
[Round "2.3"]
[White "Fridman, Daniel"]
[Black "Ding, Liren"]
[Result "1/2-1/2"]
[ECO "A06"]
[WhiteElo "2590"]
[BlackElo "2762"]
[Annotator "TA"]
[PlyCount "55"]
[EventDate "2024.03.26"]
[EventType "match"]
[EventCountry "GER"]
[SourceTitle "playchess.com"]
[Source "ChessBase"]
[SourceQuality "1"]
[TimeControl "2700+10"]

1. Nf3 d5 2. g3 Nf6 3. Bg2 c5 4. O-O e6 5. c4 d4 6. e3 Nc6 7. d3 Bd6 8. exd4 cxd4 9. Bg5 h6 10. Bxf6 Qxf6 11. Nbd2 Qe7 12. a3 a5 13. Ne4 Bc7 {[%emt 0:00:01] [#]} 14. b4 $1 axb4 15. axb4 Rxa1 16. Qxa1 {[%emt 0:00:01] b5 would now be deadly.} f5 17. Nc5 Nxb4 18. Qa4+ Kf7 $1 ({Of course not} 18... Nc6 $6 19. Nxb7 Bd7 (19... Bxb7 $2 20. Rb1 $18) 20. Qa8+ Nb8 21. Nxd4 $18) 19. Qxb4 {[%emt 0:00:05][%cal Ob4b5] [#] Threatens to win with Qb5!} Bd6 ({Much weaker is} 19... b6 20. Ne5+ Bxe5 21. Qxb6 $14) 20. Qb5 Bxc5 21. Ne5+ Kf6 22. f4 $132 {[%emt 0:00:03][%cal Og2b7][%mdl 2048] White is not holding back} Rd8 23. Rb1 Bd6 24. h4 (24. Bxb7 Bxb7 25. Qxb7 Qxb7 26. Rxb7 Bxe5 27. fxe5+ Kxe5 28. Rxg7 Ra8 $17) (24. g4 $11) 24... Qc7 ({Black should play} 24... g5 $1 $15) 25. Nf3 $11 {[%emt 0:01:53] The position is equal.} Bc5 26. Ne5 Bd6 27. Nf3 Bc5 28. Ne5 {[%emt 0:00:09] A rather calm draw.   Weighted Error Value: White=0.06 (flawless) /Black=0.05 (flawless) .  Mistake:       	White=1     	Black=1      OK:         	White=10    	Black=12     Best:        	---       	Black=2      Strong:       	---       	Black=1} 1/2-1/2

[Event "GRENKE Chess Classic-TB 2024"]
[Site "Karlsruhe"]
[Date "2024.04.01"]
[Round "2.4"]
[White "Keymer, Vincent"]
[Black "Vachier-Lagrave, Maxime"]
[Result "0-1"]
[ECO "A48"]
[WhiteElo "2738"]
[BlackElo "2728"]
[Annotator "TA"]
[PlyCount "60"]
[EventDate "2024.03.26"]
[EventType "match"]
[EventCountry "GER"]
[SourceTitle "playchess.com"]
[Source "ChessBase"]
[SourceQuality "1"]
[TimeControl "2700+10"]

1. d4 Nf6 2. Nf3 g6 3. Nbd2 d5 4. e3 a5 5. b3 Bg7 6. Be2 O-O 7. O-O c5 8. a4 {[%emt 0:00:50] White has an edge.} Nc6 9. Bb2 Ne4 10. h3 Re8 11. Bb5 Nd6 12. c3 cxd4 13. exd4 Bd7 14. Re1 Rc8 15. Rc1 Qb6 16. Bxc6 Qxc6 17. Ne5 Qc7 18. Ba3 Bf5 (18... f6 $11 19. Nxd7 Qxd7) 19. g4 Be6 20. Qf3 (20. c4 $1 $14 {stays ahead.} Qb8 (20... dxc4 21. bxc4 b6 22. d5 $16) 21. Qf3 dxc4 22. Ndxc4 Nxc4 23. bxc4) 20... Bh6 $17 21. Rc2 {[%emt 0:01:49] [#]} Ne4 $1 22. Nxe4 (22. Nf1 Qb6) 22... dxe4 23. Rxe4 {[%emt 0:00:09] c4 is the strong threat.} Bxb3 24. g5 {[%emt 0:00:49] White does not recover from this.} Bxg5 $19 (24... Bxc2 25. Qxf7+ (25. gxh6 $2 {too greedy.} f6 $19) 25... Kh8 26. Nxg6+ (26. gxh6 Rg8 27. Bxe7 Qxe7 28. Qxe7 Rcf8 29. Nf7+ Rxf7 30. Qxf7 Bxe4 31. Qf6+ Rg7 32. Qxg7#) 26... hxg6 27. Rh4 (27. Rxe7 $2 {loses.} Rxe7 28. Bxe7 Bg7 $19) (27. Rxe7 $2 Rxe7 28. Qf6+ Bg7 $19)) 25. c4 $2 (25. Rg4 Bf6 (25... Bxc2 26. Qxf7+ Kh8 27. Rxg5 $17) 26. Rc1) 25... Bxc2 {[%emt 0:00:09] This pair of bishops is nice. Black is clearly winning.} 26. Qxf7+ Kh8 27. Rg4 Rf8 28. Qd5 Bf6 29. Bc1 Bxe5 30. dxe5 Rcd8 {[%emt 0:00:09] Weighted Error Value: White=0.71/Black=0.08 (flawless) .  Mistake:       	White=3     	Black=1      Inaccurate:     	White=2     	Black=1      OK:         	White=2     	Black=9      Best:        	---       	Black=3      Brilliant:      	---       	Black=1} 0-1